 Dungeon Crawl Stone Soup version 0.18-a0-1160-geb89fc2 (webtiles) character file.

128 st0uf the Skirmisher (level 4, -4/38 HPs)
             Began as a Centaur Fighter on Jan 24, 2016.
             Killed from afar by Blork the orc (8 damage)
             ... with a puff of flame
             ... on level 4 of the Dungeon.
             The game lasted 00:11:00 (3164 turns).

st0uf the Skirmisher (Centaur Fighter)              Turns: 3164, Time: 00:11:00

Health: -4/38      AC:  6    Str: 18    XL:     4   Next: 87%
Magic:  4/4        EV: 10    Int:  7    God:
Gold:   157        SH:  8    Dex: 10    Spells: 0 memorised, 3 levels left

rFire  . . .     SeeInvis .     a - +0 long sword
rCold  . . .     Gourm    .     b - +0 scale mail
rNeg   . . .     Faith    .     c - +0 shield
rPois  .         Spirit   .     (no helmet)
rElec  .         Dismiss  .     (no cloak)
rCorr  .         Reflect  .     (no gloves)
SustAt .         Harm     .     (no barding)
MR     .....     Rnd*Tele +     (no amulet)
Stlth  ..........               s - +5 ring of evasion
                                k - ring of teleportation (curse)

@: lethally poisoned (-4 -> -6), drained, very quick, not resistant to hostile
enchantments, extremely unstealthy
A: hooves 3, deformed body, speed 2, tough skin 3
a: no special abilities


You were on level 4 of the Dungeon.
You were not hungry.

You visited 1 branch of the dungeon, and saw 4 of its levels.

You collected 157 gold pieces.

Inventory:

Hand Weapons
 a - a +0 long sword (weapon)
Missiles
 e - 52 arrows
 i - 21 arrows of frost
Armour
 b - a +0 scale mail (worn)
 c - a +0 shield (worn)
Jewellery
 k - a cursed ring of teleportation (left hand)
 s - a +5 ring of evasion (right hand)
Scrolls
 h - 3 scrolls of identify
 j - a scroll of magic mapping
 m - a scroll of teleportation {unknown}
 p - a scroll of random uselessness
Potions
 d - a potion of might
 l - a potion of resistance {unknown}
 n - a potion of agility {unknown}
 q - a potion of berserk rage {unknown}
 r - a potion of poison {unknown}
Comestibles
 f - 3 bread rations
 g - 2 chunks of flesh
 o - a fruit


   Skills:
 + Level 3.4(3.1) Fighting
 * Level 2.2(2.0) Long Blades
 + Level 2.8(2.5) Armour
 + Level 0.7(0.4) Dodging
 * Level 3.1(2.8) Shields


You had 3 spell levels left.
You didn't know any spells.

Dungeon Overview and Level Annotations

Branches:
Dungeon (4/15)
 Temple: D:4-7

Altars:

Annotations:
D:4 Blork the orc


Innate Abilities, Weirdness & Mutations

You have hooves in place of feet.
Armour fits poorly on your strangely shaped body.
You cover ground very quickly.
You have extremely tough skin (AC +3).


Message History

Blork the orc mumbles some strange words.
Blork the orc flickers and vanishes!
Deactivating autopickup; reactivate with Ctrl-A.
You barely miss something. You kick something.
You feel sick.
You hear some strange, mumbled words.
A puff of flame appears from out of thin air!
You block the puff of flame.
Your scale mail prevents you from hitting something.
You hear some strange, mumbled words.
A puff of flame appears from out of thin air!
The puff of flame hits you!
You closely miss something.
You feel sick.
You hear some strange, mumbled words.
Something hits you!
* * * LOW HITPOINT WARNING * * *
You closely miss something. You kick something.
You hear some strange, mumbled words.
A puff of flame appears from out of thin air!
The puff of flame hits you!
You die...

####
#@.#
#.{..#
###.##
..#
###


There were no monsters in sight!

Vanquished Creatures
  2 adders (D:2)
  3 gnolls (D:3)
  An adder zombie (D:3)
  2 worms (D:2)
  2 giant geckos (D:1)
  6 bats
  7 giant cockroaches
  14 hobgoblins
  3 quokkas
  2 ball pythons (D:1)
  7 giant newts
  8 goblins
  7 kobolds
  4 rats (D:2)
68 creatures vanquished.

Notes
Turn   | Place    | Note
--------------------------------------------------------------
     0 | D:1      | st0uf the Centaur Fighter began the quest for the Orb.
     0 | D:1      | Reached XP level 1. HP: 19/19 MP: 1/1
    94 | D:1      | Reached XP level 2. HP: 19/26 MP: 2/2
  1274 | D:2      | Reached XP level 3. HP: 31/31 MP: 3/3
  1948 | D:2      | Reached XP level 4. HP: 38/38 MP: 4/4
  3157 | D:4      | Noticed Blork the orc
  3164 | D:4      | Killed from afar by Blork the orc

Vault maps used:
D:1:      dpeg_arrival_houses_and_road
D:2:      kennysheep_generic_room_11
D:4:      first_bread, uniq_blork_the_orc, uniq_natasha, uniq_duvessa,
          uniq_sigmund, uniq_robin

Action                   |  1- 3 |  4- 6 || total
-------------------------+-------+-------++-------
Melee: Long sword        |   144 |    82 ||   226
  Use: Scroll            |     1 |     3 ||     4
  Eat: Chunk             |     2 |     4 ||     6
